 Dungeon Crawl Stone Soup version 0.28-a0-1506-g3893175d92 (webtiles) character file.

Game seed: 6454897679572573326

221 Majang the Conjurer (level 5, -5/21 HPs)
             Began as a Felid Conjurer on Jan 14, 2022.
             Was a Priest of Lugonu.
             Slain by Duvessa (8 damage)
             ... on level 4 of the Dungeon.
             The game lasted 00:18:51 (5324 turns).

Majang the Conjurer (Felid Conjurer)                Turns: 5324, Time: 00:18:52

Health: -5/21      AC:  2    Str:  5    XL:     5   Next: 65%
Magic:  4/12       EV: 17    Int: 20    God:    Lugonu [***...]
Gold:   126        SH:  0    Dex: 14    Spells: 4/12 levels left
                                        Lives:  0   Deaths: 1

rFire   . . .      SeeInvis +   (weapon unavailable)
rCold   . . .      Faith    .   (shield unavailable)
rNeg    . . .      Spirit   .   (armour unavailable)
rPois   .          Reflect  .   (helmet unavailable)
rElec   .          Harm     .   (cloak unavailable)
rCorr   .          Rampage  .   (gloves unavailable)
Will    .....                   (boots unavailable)
Stlth   ++........              (no amulet)
HPRegen 0.07/turn               (no ring)
MPRegen 0.13/turn               (no ring)

@: quick
A: very small, claws 1, fangs 3, see invisible, speed 1, shaggy fur 2, stealthy
paws, no weapons or thrown items, no armour, multi-lived
a: Renounce Religion, Depart the Abyss, Bend Space, Banish


You were on level 4 of the Dungeon.
You worshipped Lugonu.
Lugonu was most pleased with you.
You visited 1 branch of the dungeon, and saw 4 of its levels.

You collected 126 gold pieces.

Inventory:

Scrolls
 b - 3 scrolls of identify {unknown}
 c - 2 scrolls of blinking {unknown}
 e - a scroll of fog {unknown}
 i - a scroll of teleportation {unknown}
Potions
 a - a potion of brilliance {unknown}
 d - a potion of mutation {unknown}
 f - a potion of haste {unknown}
 g - a potion of flight {unknown}
 h - a potion of lignification {unknown}
 j - a potion of degeneration {unknown}
 k - a potion of curing {unknown}


   Skills:
 + Level 0.1 Fighting
 + Level 2.8 Dodging
 + Level 2.8 Stealth
 + Level 0.2 Unarmed Combat
 * Level 4.1 Spellcasting
 + Level 5.1 Conjurations
 + Level 0.3 Hexes
 + Level 0.1 Ice Magic
 + Level 3.4 Invocations


You had 4 spell levels left.
You knew the following spells:

 Your Spells              Type           Power      Damage    Failure   Level
a - Magic Dart            Conj           96%        1d7       1%          1
f - Dazzling Flash        Conj/Hex       30%        N/A       12%         3
h - Ensorcelled Hibernat  Hex/Ice        10%        N/A       17%         2
r - Searing Ray           Conj           48%        2d6       2%          2

Your spell library contained the following spells:

 Spells                   Type           Power      Damage    Failure   Level
 Passwall                 Tmut/Erth      3%         N/A       19%         2
 Swiftness                Air            4%         N/A       36%         3
 Fulminant Prism          Conj/Hex       7%         3d7       38%         4
 Iskenderun's Mystic Bla  Conj/Tloc      14%        2d5       41%         4


Dungeon Overview and Level Annotations

Branches:
Dungeon (4/15)
 Temple: D:4-7

Altars:
Lugonu

Shops:
D:4 (

Annotations:
D:4 Duvessa


Innate Abilities, Weirdness & Mutations

You have sharp claws.
You have razor-sharp teeth.
You have supernaturally acute eyesight. (SInv)
You cover ground quickly. (Speed+)
You are covered in thick fur. (AC +2)
Your paws help you pounce on unaware monsters.
You are incapable of wielding weapons or throwing items.
You cannot wear armour.
You gain extra lives every three experience levels.


Message History

Press: ? - help, Shift-Dir - straight line, f/p - jackal
Aim: a jackal (lightly wounded, 100% to hit)
The magic dart hits the jackal.
You kill the jackal!
Lugonu accepts your kill.
Duvessa rages.
You hear a bark!
You aren't carrying any items that you can evoke.
Casting: Magic Dart (safe; 1% risk of failure)
Confirm with . or Enter, or press ? or * to list all spells.
Aiming: Magic Dart (safe; 1% risk of failure)
Press: ? - help, Shift-Dir - straight line, f - Duvessa
Aim: Duvessa, wielding a +2 vampiric short sword and wearing a +0 leather armour (berserk, 100% to hit)
The magic dart hits Duvessa.
Duvessa is lightly wounded.
You hear a bark!
Casting: Magic Dart (safe; 1% risk of failure)
Confirm with . or Enter, or press ? or * to list all spells.
Aiming: Searing Ray (safe; 2% risk of failure)
Press: ? - help, Shift-Dir - straight line, f/p - Duvessa
Aim: Duvessa, wielding a +2 vampiric short sword and wearing a +0 leather armour (lightly wounded, berserk, 82% to hit)
The searing ray hits Duvessa but does no damage.
Duvessa is lightly wounded. (Press . to maintain the ray.)
You hear a bark!
The searing ray hits Duvessa.
Duvessa is lightly wounded.
You hear a bark!
The searing ray hits Duvessa.
Duvessa is lightly wounded.
Duvessa hits you with a +2 vampiric short sword!!
Ouch! That really hurt!
* * * LOW HITPOINT WARNING * * *
Duvessa draws strength from your wounds!
Unknown command.
The searing ray hits Duvessa.
Duvessa is lightly wounded.
You finish channelling your searing ray.
Duvessa hits you with a +2 vampiric short sword!
You die...

##...###..†###...##.........# #
.....###.....#..........)...##
....###............#..#####..##
#...# #........#..##..# #...###
##..###.......##..#...# #......
##.##........##......## #......
##...........###....#..####....##
#..####.........e..###...#.....#
..## ##........@.## #........##
..# #..#####...####........# .##
##..## #....##..#.....## .##
##....####........####..#### ..#
#..##..##...#.##..# ##......
..####.####.....#..###.###..###..
#......## ##....#.## #..#..####..
##..##..####......# #....## #...
#.####..##.......# #...## ##...


You could see Duvessa (berserk).

Vanquished Creatures
  An ogre (D:4)
  Dowan (D:4)
  A hound (D:3)
  An orc priest (D:4)
  A jelly (D:3)
  2 iguanas
  2 orc wizards (D:3)
  A hound skeleton (D:4)
  2 adders (D:3)
  An adder skeleton (D:4)
  A dart slug (D:1)
  5 orcs
  6 endoplasms
  6 giant cockroaches
  3 goblins
  5 hobgoblins
  2 jackals (D:4)
  5 quokkas
  6 ball pythons
  6 bats
  2 frilled lizards
  5 kobolds
  5 rats (D:1)
70 creatures vanquished.

Notes
Turn   | Place    | Note
-------+----------+-------------------------------------------
     0 | D:1      | Majang the Felid Conjurer began the quest for the Orb.
     0 | D:1      | Reached XP level 1. HP: 7/7 MP: 4/4
   266 | D:1      | Found a faded altar of an unknown god.
   272 | D:1      | Prayed at the altar of an unknown god.
   272 | D:1      | Became a worshipper of Lugonu the Unformed
   272 | D:1      | Reached * piety under Lugonu
   272 | D:1      | Reached ** piety under Lugonu
   296 | D:1      | Reached XP level 2. HP: 9/11 MP: 3/6
  1236 | D:1      | Reached skill level 4 in Conjurations
  1237 | D:1      | Reached skill level 1 in Invocations
  1239 | D:1      | Reached XP level 3. HP: 14/14 MP: 1/7
  1733 | D:1      | Learned a level 2 spell: Searing Ray
  1737 | D:1      | Learned a level 3 spell: Dazzling Flash
  2948 | D:3      | Reached *** piety under Lugonu
  2985 | D:3      | Reached XP level 4. HP: 18/18 MP: 3/9
  3152 | D:3      | Reached XP level 5. HP: 17/21 MP: 0/11
  4415 | D:4      | Found Gyreiteri's Weapon Emporium.
  4431 | D:4      | Gained mutation: You are covered in thick fur. (AC +2)
                  | [Felid growth]
  4431 | D:4      | Reached XP level 6. HP: 24/24 MP: 2/12
  4515 | D:4      | Reached skill level 5 in Conjurations
  4518 | D:4      | Learned a level 2 spell: Ensorcelled Hibernation
  4581 | D:4      | Noticed Dowan
  4582 | D:4      | Noticed Duvessa
  4587 | D:4      | Killed Dowan
  4593 | D:4      | Slain by Duvessa
  4594 | D:4      | Reached XP level 5. HP: -2/21 MP: 2/12
  5324 | D:4      | Slain by Duvessa

Illustrated notes

Levels and vault maps discovered:
D:1:      minmay_arrival_hallway, layout_basic,
          dreamdust_ecumenical_altar_angels_and_demons,
          chequers_serial_rivers_room_a
D:2:      layout_loops_ring
D:3:      layout_loops_ring
D:4:      layout_layer_cave, serial_shops, nicolae_shop_crystal, uniq_duvessa

Skill      XL: |  1  2  3  4  5  6 |
---------------+-------------------+-----
Conjurations   | 4 5 |  5.1
Invocations    | 1 2 3 |  3.4
Spellcasting   | 3 4 |  4.1
Fighting       | |  0.1
Dodging        | |  2.8
Stealth        | |  2.8
Unarmed Combat | |  0.2
Hexes          | |  0.3
Ice Magic      | |  0.1

Action                   |  1- 3 |  4- 6 || total
-------------------------+-------+-------++-------
Melee: Unarmed           |    40 |     6 ||    46
       Bite              |     5 |       ||     5
 Cast: Magic Dart        |    67 |    34 ||   101
       Searing Ray       |     5 |    13 ||    18
Invok: Banish            |       |     1 ||     1
 Stab: Sleeping          |     1 |     2 ||     3
Dodge: Dodged            |    41 |     9 ||    50

Table legend: (Time is in decaauts)
 A = Elapsed time spent in this place.
 B = Non-inter-level travel time spent in this place.
 C = Inter-level travel time spent in this place.
 D = Time resting spent in this place.
 E = Time spent auto-exploring this place.
 F = Levels seen in this place.
 G = Mean time per level.
                   A        B        C        D        E       F      G
               +--------+--------+--------+--------+--------+-----+--------+
         Total |   4707 |   4650 |     57 |   1767 |   2494 |   4 | 1176.8 |
       Dungeon |   4707 |   4650 |     57 |   1767 |   2494 |   4 | 1176.8 |
               +--------+--------+--------+--------+--------+-----+--------+

Top non-repeatable levels by time:
     D:1: 1582 daAuts
     D:3: 1223 daAuts
     D:4: 1107 daAuts
     D:2: 793 daAuts
